Cogmind - Beta 15 @@@ ROGUE MODE // 2025.09.24 @ 21:21:33 Player: The Sun Result: Destroyed by G-34 Mercenary with Small Laser Performance ------------- Evolutions (0) 0 Regions Visited (1) 200 Robots Destroyed (22) 110 Value Destroyed (291) 291 Prototype IDs (0) 0 Alien Tech Used (0) 0 Bonus (0) 0 TOTAL SCORE: 601 Bonus ------- None Cogmind --------- Core Integrity 0/250 Matter 11/300 Energy 70/100 System Corruption 0% Temperature Cool (96) Movement Core (400) Ox7 Location -10/Materials Parts ------- > --- POWER (1) -------- (None) > --- PROPULSION (2) --- (None) > --- UTILITY (2) ------ Large Storage Unit > --- WEAPON (2) ------- Particle Cannon > --- INVENTORY (15) --- Light Ion Engine Heat Sink Sensor Array Signal Interpreter Terrain Scan Processor Spread Laser Assault Rifle Peak State ------------ > --- POWER ------------ Light Ion Engine > --- PROPULSION ------- VTOL Module VTOL Module > --- UTILITY ---------- Large Storage Unit Core Shielding > --- WEAPON ----------- Assault Rifle > --- INVENTORY -------- Light Ion Engine Heat Sink Sensor Array Signal Interpreter Terrain Scan Processor Medium Laser Spread Laser Assault Rifle [Rating: 9] Favorites ----------- Power Ion Engine Engine Ion Engine Propulsion Aluminum Leg Leg Aluminum Leg Hover Unit Hover Unit Flight Unit VTOL Module Utility Core Shielding Device Heat Sink Storage Large Storage Unit Protection Core Shielding Weapon Assault Rifle Energy Gun Medium Laser Energy Cannon Particle Cannon Ballistic Gun Assault Rifle Launcher Grenade Launcher Build | -11 -10 ------- Run | Yrd Mat Slots Evolved . | . . Power . | . . Propulsion . | . . Utility . | . . Weapon . | . . Parts Attached 19 | 6 13 Power 2 | 1 1 Engine 2 | 1 1 Core . | . . Reactor . | . . Propulsion 8 | 2 6 Treads . | . . Leg 2 | 2 . Wheel . | . . Hover 2 | . 2 Flight 4 | . 4 Utility 5 | 1 4 Device 1 | . 1 Storage 3 | 1 2 Processor . | . . Hackware . | . . Protection 1 | . 1 Artifact . | . . Weapon 4 | 2 2 Energy Gun 1 | 1 . Energy Cannon 1 | . 1 Ballistic Gun 1 | 1 . Ballistic Cannon . | . . Launcher 1 | . 1 Special Weapon . | . . Impact Weapon . | . . Slashing Weapon . | . . Piercing Weapon . | . . Special Melee Weapon . | . . Unidentified Prototypes . | . . Parts Lost 10 | . 10 Power 2 | . 2 Propulsion 4 | . 4 Utility 1 | . 1 Weapon 3 | . 3 Highest Loss Streak 6 | . 6 To Critical Strikes . | . . Average Backups 6 | 4 7 Power . | . . Propulsion 1 | 2 1 Utility 2 | . 3 Weapon 1 | 1 2 Tool/Special . | . . Unused Backups 11 | . 11 Power 2 | . 2 Propulsion 2 | . 2 Utility 5 | . 5 Weapon 2 | . 2 Tool/Special . | . . Average Slot Usage (%) 81 | . 81 Engine 13 | . 13 Leg 14 | . 14 Flight 3 | . 3 Storage 13 | . 13 Protection 13 | . 13 Ballistic Gun 13 | . 13 Launcher 7 | . 7 Peak Build Rating 9 | 6 9 Average Rating 6 | 4 6 On Entrance 3 | . 6 Naked Turns . | . . Heaviest Build 31 | 14 31 Greatest Support 20 | 20 20 Greatest Overweight (x) 8 | 3 8 Average Overweight (x) 1 | . 2 Largest Inventory Capacity 15 | 8 15 Average Capacity 12 | 7 13 Most Carried 14 | 8 14 Average Carried 6 | 4 7 Final Capacity 15 | 8 15 Final Carried 7 | 4 7 Class Distribution -------------------- 100% | Mutant Dominant Class ---------------- Mutant | -10/Materials Resources | -11 -10 ----------- Run | Yrd Mat Matter Collected 432 | 339 93 Remotely . | . . Salvage Created 423 | 126 297 Parts 35 | 3 32 Haulers Intercepted . | . . Recyclers Shooed 3 | . 3 Parts Field Recycled . | . . Retrieved Matter . | . . Parts Self-Destructed . | . . Prevented . | . . Kills | -11 -10 ------- Run | Yrd Mat Combat Hostiles Destroyed 10 | . 10 Guns 2 | . 2 Cannons 1 | . 1 AOE 7 | . 7 Classes Destroyed 7 | 3 4 Worker 3 | 1 2 Builder 4 | . 4 Tunneler 2 | 1 1 Recycler 2 | 1 1 Watcher 1 | . 1 Swarmer 6 | . 6 Grunt 4 | . 4 Best Kill Streak 5 | 1 5 Combat Bots Only 3 | . 3 Max Kills in Single Turn 4 | 1 4 Gunslinging . | . . Exploded 3 | . 3 Melee . | . . Uniques/NPCs Destroyed . | . . Combat | -11 -10 -------- Run | Yrd Mat Hostile Shots Fired 100 | . 100 Missed 30 | . 30 Hits 70 | . 70 Projectile 70 | . 70 Damage Taken 913 | . 913 Core 250 | . 250 Absorbed by Shields . | . . Redirected to Shielding 51 | . 51 Core Remaining (%) 100 | 100 . Volleys Fired 68 | 28 40 Largest 2 | 1 2 Hottest 68 | 20 68 Shots Fired 85 | 28 57 Gun 64 | 28 36 Cannon 4 | . 4 Launcher 17 | . 17 Special . | . . Kinetic 57 | 28 29 Thermal 11 | . 11 Explosive 17 | . 17 Electromagnetic . | . . Robot Hit Streak 7 | 3 7 Robot Miss Streak 4 | 2 4 Penetration Max . | . . Secondary Targets . | . . Shots Hit Robots 39 | 16 23 Core Hits 26 | 4 22 Critical Kills 1 | 1 . Critical Parts Destroyed 2 | 1 1 Critical Strikes 4 | 2 2 Burn 1 | . 1 Destroy 3 | 2 1 Melee Attacks . | . . Impact . | . . Slashing . | . . Piercing . | . . Sneak Attacks . | . . Combat Hostiles . | . . Follow-up Attacks . | . . Damage Inflicted 1371 | 190 1181 Guns 368 | 190 178 Cannons 61 | . 61 Explosions 942 | . 942 Melee . | . . Ramming . | . . Kinetic 331 | 190 141 Thermal 98 | . 98 Explosive 942 | . 942 Electromagnetic . | . . Impact . | . . Slashing . | . . Piercing . | . . Highest Corruption . | . . Average Corruption . | . . Corruption Purged . | . . Corruption Blocked . | . . Overload Shots . | . . Overflow Damage 151 | . 151 Projectiles . | . . Explosions 151 | . 151 Melee . | . . Knockbacks . | . . Impact . | . . Kinetic . | . . Secondary . | . . Self-Inflicted Damage 190 | . 190 Shots 7 | . 7 Rammed . | . . Targets Rammed . | . . Kicked . | . . Crushed . | . . Highest Temperature 87 | . 87 Average Temperature 40 | . 40 Received Heat Transfer 294 | . 294 Siege Activations . | . . Martial Activations . | . . Shielding Activations . | . . Robots Disrupted . | . . Combat Hostiles . | . . Robots Corrupted . | . . Combat Hostiles . | . . Parts Fried . | . . Impact Corruptions . | . . Robots Melted . | . . Combat Hostiles . | . . Parts Melted . | . . Heat Transferred 296 | . 296 Parts Sabotaged . | . . Parts Stolen . | . . Parts Stripped . | . . Power Chain Reactions . | . . Alert | -11 -10 ------- Run | Yrd Mat Maximum Alert Level 1 | . 1 Low Security (%) 73 | 100 68 Level 1 26 | . 31 Level 2 . | . . Level 3 . | . . Level 4 . | . . Level 5 . | . . High Security . | . . Max Security . | . . Peak Influence 300 | 5 300 Initial . | . . Average 109 | . 133 Influence Increases 505 | 15 490 Destroy 0b10 Robot/C 200 | . 200 Destroy 0b10 Robot/NC 60 | 15 45 Destroy Leader 32 | . 32 Successful Hack 36 | . 36 Disable Machine 45 | . 45 Destroy Structure 132 | . 132 Influence Decreases 424 | 15 409 Time Decay 324 | 15 309 Lost Part 100 | . 100 Squads Dispatched 2 | . 2 Investigation 2 | . 2 Extermination . | . . Reinforcement . | . . Assault . | . . Garrison . | . . Intercept . | . . Searches Triggered . | . . Construction Impeded . | . . Haulers Reinforced . | . . Active Scanning Responses . | . . Cargo Convoy Interrupts . | . . Stealth | -11 -10 --------- Run | Yrd Mat Distress Signals 1 | . 1 Communications Jammed . | . . Distress Signals . | . . Times Spotted 15 | . 15 Peak Tracking Total 4 | . 4 Tactical Retreats . | . . Traps | -11 -10 ------- Run | Yrd Mat Traps Triggered . | . . Indirectly . | . . Trap Hack Attempts . | . . Triggered . | . . Disarmed . | . . Reprogrammed . | . . Reused . | . . Traps Extracted . | . . Installed . | . . Triggered . | . . Machines | -11 -10 ---------- Run | Yrd Mat Machines Disabled 3 | . 3 Max in Single Turn 1 | . 1 Machines Repaired . | . . Machines Dismantled . | . . Machines Sabotaged . | . . Overloaded Fab Kills . | . . Hacking | -11 -10 --------- Run | Yrd Mat Machines Accessed 6 | . 6 Terminals 4 | . 4 Fabricators . | . . Repair Stations . | . . Recycling Units 2 | . 2 Scanalyzers . | . . Garrison Access . | . . Total Hacks 29 | . 29 Successful 23 | . 23 Failed 6 | . 6 Catastrophic 1 | . 1 Database Lockouts . | . . Manual . | . . Terminals 14 | . 14 Fabricators . | . . Repair Stations . | . . Recycling Units 15 | . 15 Scanalyzers . | . . Garrison Access . | . . Terminal Hacks 9 | . 9 Record 3 | . 3 Branch Access Points 1 | . 1 Patrol Status 1 | . 1 Assault Status 1 | . 1 Hauler Manifests 1 | . 1 Registered Components 1 | . 1 Zone Layout 1 | . 1 Fabricator Hacks . | . . Repair Station Hacks . | . . Recycling Unit Hacks 14 | . 14 Recycle Component 7 | . 7 Process 4 | . 4 Report Inventory 1 | . 1 Retrieve Matter 1 | . 1 Retrieve Components 1 | . 1 Scanalyzer . | . . Garrison Access Hacks . | . . Unauthorized Hacks . | . . Terminals . | . . Fabricators . | . . Repair Stations . | . . Recycling Units . | . . Scanalyzers . | . . Garrison Access . | . . Data Cores Recovered . | . . Used . | . . Hacking Detections 5 | . 5 Full Trace Events 2 | . 2 Feedback Events . | . . Feedback Blocked . | . . Robot Schematics Acquired . | . . Robots Built . | . . Authchips . | . . Time . | . . Total Robot Build Rating . | . . Part Schematics Acquired . | . . Parts Built . | . . Authchips . | . . Time . | . . Total Part Build Rating . | . . Parts Repaired . | . . Time . | . . Parts Recycled 7 | . 7 Recycled Matter 163 | . 163 Retrieved Matter . | . . Retrieved Components 10 | . 10 Parts Scanalyzed . | . . Part Schematics Acquired . | . . Parts Damaged . | . . Bothacking | -11 -10 ------------ Run | Yrd Mat Used RIF Installer . | . . Robots Hacked . | . . Non-combat . | . . Combat . | . . Robot Hacks Applied . | . . Relay Couplers Released . | . . Fabnet Peak Effective % . | . . Robots Rewired . | . . Allies Hacked . | . . Hacks Repelled . | . . Allies | -11 -10 -------- Run | Yrd Mat Total Allies . | . . Largest Group . | . . Highest-Rated Group . | . . Highest-Rated Ally . | . . Total Orders . | . . Ally Attacks . | . . Total Damage . | . . Kills . | . . Allies Corrupted . | . . Allies Melted . | . . Intel | -11 -10 ------- Run | Yrd Mat Active Infowar (turns) . | . . Robot Analysis Total . | . . Derelict Logs Recovered . | . . Drone Launches . | . . Drone Recoveries . | . . Exploration | -11 -10 ------------- Run | Yrd Mat Turns Passed 1482 | 264 1218 Spaces Moved 634 | 157 477 Core 120 | 36 84 Treads . | . . Legs 451 | 121 330 Wheels . | . . Hover 9 | . 9 Flight 54 | . 54 Fastest Speed 50 | 50 120 Average Speed 197 | 122 221 Slowest Speed 450 | 200 450 Overloaded Moves . | . . Propulsion Burnouts . | . . Robots Hopped . | . . Potential Cave-ins . | . . Cave-ins Triggered . | . . Exploration Rate (%) 36 | 7 65 Regions Visited 1 Branch Regions . Pre-discovered Areas . | . . Known Exits Taken . | . . Unknown Exits Taken 1 | 1 . Scrap Searched . | . . Spaces Dug . | . . Terrain Destroyed 135 | . 135 Melee . | . . Projectile . | . . AOE 135 | . 135 Terrain Rammed . | . . Walls Destroyed . | . . Machines Disabled . | . . Actions | -11 -10 --------- Run | Yrd Mat Total 791 | 201 590 Wait 11 | 1 10 Move 633 | 156 477 Hop . | . . Pick Up 37 | 10 27 Fast Attach . | . . Attach 22 | 6 16 Detach 9 | . 9 Swap 1 | . 1 Drop 10 | . 10 Fire 68 | 28 40 Melee . | . . Ram . | . . Kick . | . . Crush . | . . Escape Stasis . | . . Rewire . | . . Trap . | . . Miscellaneous . | . . Route ------- -11/Scrapyard -10/Materials (discovered 2 exits: [*Mat] / Min) History --------- Turn | Location | Event 5 | -11/Scrapyard | Discovered new exit (range 16) 265 | -11/Scrapyard | Entered Materials 312 | -10/Materials | Build established: Mutant 775 | -10/Materials | Identified exit to Mines 957 | -10/Materials | Lost 3 parts (2n1w) 1102 | -10/Materials | Discovered new exit (range 8) 1423 | -10/Materials | Core integrity fell below 50% 1468 | -10/Materials | Core integrity fell below 20% 1483 | -10/Materials | Destroyed by G-34 Mercenary with Small Laser Last Messages --------------- EXIT=FOUND K-01 Serf collects debris. U-05 Engineer lays Concrete. K-01 Serf cleans the Terminal. Acquired VTOL Module. Acquired Spread Laser. Acquired Particle Cannon. Connecting with Terminal... ALERT: Suspicious activity at Terminal M002. Dispatching Investigation squad. [Achievement: Oops] Assault Rifle destroyed. Lgt. Ion Engine destroyed. VTOL Module destroyed. G-34 Mercenary suffers critical hit (Burn). VTOL Module destroyed. Med. Laser destroyed. G-34 Mercenary destroyed. M-13 Machinist repairs G-34 Mercenary. Core Shielding destroyed. Map ----- +----------------------------------------------------+ | ???????????????????????????????????????????????? | | ???????????????????????????????????????????????? | | ???????????????????????????????????????????????? | | ???????????????????????????????????????????????? | | ???????????????????????????????????????????????? | | ???????#######?????????????????????????????!???? | | ???????# ##????????????????????????????????? | | ???????# ?????????????????????????????????? | | ???????# ?????????????????????????????????? | | ???????? ??????????????????????????????????? | | ???????? ??????????????????????????????????? | | ????##### #??????????????????????????????????? | | ????#]] #??????????????????????????????????? | | ????#]] #????????####??????????????????????? | | ????#!! ####### #??????????????????????? | | ????#!! #??????????????????????? | | ????#]] ?????????????????????? | | ????#]] #??????????????????????? | | ?######## ####### #?????????????????????## | | ?# """ # #????????####?????????????????????? | | ?# "T" # #??????????????????????????????????? | | ?# " " + ###############????????????????????? | | ?# # g #????????????????+#### | | ?# # [%m #??????????????? | | ?# # g #??????????????? | | ?###+##+###############@ #???????????????! | | ???#^ #?????????????# #????###???????# | | ???# ^ #?????????????# #??# # ???#? | | ???# #?????????????# #??# # ""?? #?????= | | ???# #?????????????# #??# # """"" #??????? | | ???#^ ^ #???########### #??# # """"" #??????? | | ???# #???# ![[ # #??# # """"" #??????? | | ???# #???# ![[ # #??# # """ ######## | | ???# #???# ![ # #??# # # # | | ???# #???# # #??# # ?# # | | ???# #???#"" + #??# # ??# | | ???# #???#"T # #### #### #### | | ???# #####"" # ^ # # | | ???# # =# | + ######## | | ???# #####+##########+#####???# ### | | ???# # #??# #???# | * | | ?### ## # #??#"" """ !#??## # ###### | | ?# ## # #??#"T """" #### #####????? | | ?#] [ ## ###??#"" """" !|### #????????? | | ?#]][[==## #????# """" #???????? | | ?######### #????#! """ ### #???????? | | ??######## ##???# #### #??????? | | ??#! # ###### #??### ###??????? | | ??# # ################????# #????????### | | ??# + #?????????????# #??????????? | +----------------------------------------------------+ Best States ------------- Heat Dissipation 35 Energy Generation 10 Energy Capacity 250 Matter Stores 295 Matter Capacity 300 Sight Range 16 Terrain Scan Density 10 Core Shielding 20 Evasion (%) 55 Item Schematics ----------------- None Robot Schematics ------------------ None Fabricated ------------ Nothing Repaired ---------- Nothing Alien Tech Used ----------------- None Achievements -------------- Oops Shopping List Challenges ------------ None Game ------ Seed AmuletWarpDriveblaster Manual? 0 Play Time 00:25:05 Cumulative 1.1 hours Start 2025.09.24 @ 20:56:38 End 2025.09.24 @ 21:21:33 Sessions 1 Manual Loads 0 Difficulty Rogue Special Mode None Game No. 4 Rogue 4 Adventurer 0 Explorer 0 Win Type - Total 0 Types 0/0/0/0/0/0/0/0/0/0 Lore% 2 Gallery% 2 Achievement% 3 Wizard Run 0 Options --------- Layout 1 ASCII 0 Keyboard 0 Movement Mouse Keybinds 0 Fullscreen 1 Font 32/SmallcapsGlow Map View 50x35 Zoom Use 0% Tactical HUD 0 Map Filters NONE Filters NONE Steam 1 RUN: 4d612157-2db6-4dfd-ba44-3bd253efd3f5